MID
BINGHAMTON METS @ WISCONSIN TIMBER RATTLERS
09/15/2045
 
TOP OF THE 1ST
Binghamton Mets batting - Pitching for Wisconsin Timber Rattlers : RHP Javy Uribe
Pitching: RHP Javy Uribe
Batting: RHB Ben Herman 0-0: Foul Ball, location: 2F
0-1: Swinging Strike
0-2: Ball
1-2: Strikes out swinging
Batting: LHB Bayesa Mundhir 0-0: Ball
1-0: Foul Ball, location: 2F
1-1: Ball
2-1: Ground out 4-3 (Groundball, 4, EV 103.8 MPH)
Batting: RHB Bobby Mabrey 0-0: Ball
1-0: Swinging Strike
1-1: Hit by Pitch
Batting: SHB Julio Ramos 0-0: Ground out 3-1 (Groundball, 34S, EV 84.4 MPH)
Top of the 1st over - 0 runs, 0 hits, 0 errors, 1 left on base; Binghamton 0 - Wisconsin 0
BOTTOM OF THE 1ST
Wisconsin Timber Rattlers batting - Pitching for Binghamton Mets : LHP Micah Watson
Pitching: LHP Micah Watson
Batting: RHB Nick Cummings 0-0: Ball
1-0: Ball
2-0: Called Strike
2-1: Ground out 5-3 (Groundball, 56, EV 88.1 MPH)
Batting: RHB Ben Alspach 0-0: Ball
1-0: Called Strike
1-1: Ball
2-1: Ball
3-1: Fly out, F7 (Line Drive, 7, EV 88.1 MPH)
Batting: RHB Matt Saunders 0-0: SINGLE (Groundball, 6MD, EV 95.0 MPH)
Batting: RHB Skyler Goss 0-0: Called Strike
0-1: Swinging Strike
0-2: Ball
1-2: Foul Ball, location: 2F
1-2: Foul Ball, location: 2F
1-2: Ball
Matt Saunders is caught stealing 2nd base 2-4
Bottom of the 1st over - 0 runs, 1 hit, 0 errors, 0 left on base; Binghamton 0 - Wisconsin 0
TOP OF THE 2ND
Binghamton Mets batting - Pitching for Wisconsin Timber Rattlers : RHP Javy Uribe
Batting: RHB Gang-sheng Chew 0-0: Ball
1-0: Swinging Strike
1-1: SOLO HOME RUN (Flyball, 78XD, EV 98.8 MPH), Distance : 413 ft
Batting: LHB Javy Cavazos 0-0: Fly out, F9 (Flyball, 89D, EV 88.8 MPH)
Batting: SHB Jerry Burrows 0-0: Called Strike
0-1: Swinging Strike
0-2: Strikes out swinging
Batting: RHB Dave Conde 0-0: Called Strike
0-1: Ball
1-1: Swinging Strike
1-2: Strikes out swinging
Top of the 2nd over - 1 run, 1 hit, 0 errors, 0 left on base; Binghamton 1 - Wisconsin 0
BOTTOM OF THE 2ND
Wisconsin Timber Rattlers batting - Pitching for Binghamton Mets : LHP Micah Watson
Batting: RHB Skyler Goss 0-0: Ball
1-0: Ball
2-0: Ball
3-0: Called Strike
3-1: Foul Ball, location: 2F
3-2: Fly out, F7 (Line Drive, 7, EV 103.1 MPH)
Batting: SHB Mitchell Greene 0-0: Called Strike
0-1: Foul Ball, location: 2F
0-2: Ball
1-2: Foul Ball, location: 2F
1-2: Foul Ball, location: 2F
1-2: Ball
2-2: Ground out 4-3 (Groundball, 4MS, EV 72.5 MPH)
Batting: RHB Gene Sutton 0-0: SINGLE (Groundball, 56S, EV 72.5 MPH) (infield hit)
Batting: SHB Robert Sayer 0-0: Called Strike
0-1: SINGLE (Line Drive, 6D, EV 100.0 MPH)
Gene Sutton to second
Batting: RHB Aaron Lind 0-0: Swinging Strike
0-1: Foul Ball, location: 2F
0-2: Fielders Choice at 2nd, 6-4 (Groundball, 6, EV 88.1 MPH)
Bottom of the 2nd over - 0 runs, 2 hits, 0 errors, 2 left on base; Binghamton 1 - Wisconsin 0
TOP OF THE 3RD
Binghamton Mets batting - Pitching for Wisconsin Timber Rattlers : RHP Javy Uribe
Batting: RHB Tetsuhiro Taki 0-0: Called Strike
0-1: Called Strike
0-2: Ball
1-2: Foul Ball, location: 2F
1-2: Foul Ball, location: 2F
1-2: Foul Ball, location: 2F
1-2: Ball
2-2: Strikes out swinging
Batting: RHB Ben Herman 0-0: Ground out 6-3 (Groundball, 6, EV 85.0 MPH)
Batting: LHB Bayesa Mundhir 0-0: Ball
1-0: Foul Ball, location: 2F
1-1: Foul Ball, location: 2F
1-2: Ball
2-2: Fly out, F2 (Popup, 2LF, EV 83.8 MPH)
Top of the 3rd over - 0 runs, 0 hits, 0 errors, 0 left on base; Binghamton 1 - Wisconsin 0
BOTTOM OF THE 3RD
Wisconsin Timber Rattlers batting - Pitching for Binghamton Mets : LHP Micah Watson
Batting: RHB Bobby McCann 0-0: Called Strike
0-1: Ball
1-1: Ball
2-1: Called Strike
2-2: Ball
3-2: Foul Ball, location: 2F
3-2: DOUBLE (Line Drive, 9LD, EV 108.8 MPH)
Batting: RHB Nick Cummings 0-0: Called Strike
0-1: Foul Ball, location: 2F
0-2: Ground out 4-3 (Groundball, 4, EV 86.9 MPH)
Bobby McCann to third
Batting: RHB Ben Alspach 0-0: Called Strike
0-1: Called Strike
0-2: Ball
1-2: Ball
2-2: Strikes out looking
Batting: RHB Matt Saunders 0-0: Reached on error, E4 (Groundball, 34, EV 81.9 MPH)
Bobby McCann scores
Batting: RHB Skyler Goss 0-0: Ground out U3 (Groundball, 34, EV 101.2 MPH)
Bottom of the 3rd over - 1 run, 1 hit, 1 error, 1 left on base; Binghamton 1 - Wisconsin 1
TOP OF THE 4TH
Binghamton Mets batting - Pitching for Wisconsin Timber Rattlers : RHP Javy Uribe
Batting: RHB Bobby Mabrey 0-0: Foul Ball, location: 2F
0-1: Foul Ball, location: 2F
0-2: Foul Ball, location: 2F
0-2: Strikes out looking
Batting: SHB Julio Ramos 0-0: Called Strike
0-1: Foul Ball, location: 2F
0-2: Strikes out swinging, 2-3 out at first.
Batting: RHB Gang-sheng Chew 0-0: Ball
1-0: Ball
2-0: Swinging Strike
2-1: Called Strike
2-2: SOLO HOME RUN (Flyball, 7D, EV 98.8 MPH), Distance : 390 ft
Batting: LHB Javy Cavazos 0-0: Ball
1-0: Called Strike
1-1: Ball
2-1: Swinging Strike
2-2: Ball
3-2: Strikes out swinging
Top of the 4th over - 1 run, 1 hit, 0 errors, 0 left on base; Binghamton 2 - Wisconsin 1
BOTTOM OF THE 4TH
Wisconsin Timber Rattlers batting - Pitching for Binghamton Mets : LHP Micah Watson
Batting: SHB Mitchell Greene 0-0: Fly out, F8 (Flyball, 8LD, EV 95.6 MPH)
Batting: RHB Gene Sutton 0-0: Ball
1-0: Ball
2-0: Called Strike
2-1: SINGLE (Line Drive, 8RS, EV 103.1 MPH)
Batting: SHB Robert Sayer 0-0: Called Strike
0-1: Fly out, F9 (Flyball, 9LM, EV 87.5 MPH)
Batting: RHB Aaron Lind 0-0: Ball
1-0: Ball
2-0: Called Strike
2-1: DOUBLE (Flyball, 89D, EV 101.9 MPH)
Gene Sutton to third
Batting: RHB Bobby McCann 0-0: Called Strike
0-1: Called Strike
0-2: Ball
1-2: Ground out 5-3 (Groundball, 56, EV 108.1 MPH)
Bottom of the 4th over - 0 runs, 2 hits, 0 errors, 2 left on base; Binghamton 2 - Wisconsin 1
TOP OF THE 5TH
Binghamton Mets batting - Pitching for Wisconsin Timber Rattlers : RHP Javy Uribe
Batting: SHB Jerry Burrows 0-0: Called Strike
0-1: SINGLE (Line Drive, 89S, EV 104.4 MPH)
Batting: RHB Dave Conde 0-0: Ball
1-0: Called Strike
1-1: Ball
2-1: Foul Ball, location: 2F
2-2: Strikes out swinging
Batting: RHB Tetsuhiro Taki 0-0: Ground out 5-3 (Groundball, 56, EV 82.5 MPH)
Jerry Burrows to second
Batting: RHB Ben Herman 0-0: Ball
1-0: Foul Ball, location: 2F
1-1: SINGLE (Groundball, 25, EV 65.6 MPH) (infield hit)
Jerry Burrows to third
Batting: LHB Bayesa Mundhir 0-0: Ball
1-0: Swinging Strike
1-1: Ball
2-1: Foul Ball, location: 2F
2-2: Foul Ball, location: 2F
2-2: Ball
3-2: Strikes out looking
Top of the 5th over - 0 runs, 2 hits, 0 errors, 2 left on base; Binghamton 2 - Wisconsin 1
BOTTOM OF THE 5TH
Wisconsin Timber Rattlers batting - Pitching for Binghamton Mets : LHP Micah Watson
Batting: RHB Nick Cummings 0-0: Called Strike
0-1: Ground out U3 (Groundball, 34S, EV 85.0 MPH)
Batting: RHB Ben Alspach 0-0: Swinging Strike
0-1: Foul Ball, location: 2F
0-2: Ball
1-2: Strikes out swinging
Batting: RHB Matt Saunders 0-0: TRIPLE (Flyball, 78XD, EV 100.0 MPH)
Batting: RHB Skyler Goss 0-0: Swinging Strike
0-1: Ball
1-1: Ground out 6-3 (Groundball, 6MD, EV 81.9 MPH)
Bottom of the 5th over - 0 runs, 1 hit, 0 errors, 1 left on base; Binghamton 2 - Wisconsin 1
TOP OF THE 6TH
Binghamton Mets batting - Pitching for Wisconsin Timber Rattlers : RHP Javy Uribe
Batting: RHB Bobby Mabrey 0-0: Ground out 1-3 (Groundball, 13S, EV 68.8 MPH)
Batting: SHB Julio Ramos 0-0: Ball
1-0: Called Strike
1-1: Ball
2-1: Fly out, F8 (Flyball, 8RXD, EV 98.1 MPH)
Batting: RHB Gang-sheng Chew 0-0: Called Strike
0-1: Ball
1-1: Ball
2-1: Ball
3-1: Called Strike
3-2: Ground out 4-3 (Groundball, 4S, EV 74.4 MPH)
Top of the 6th over - 0 runs, 0 hits, 0 errors, 0 left on base; Binghamton 2 - Wisconsin 1
BOTTOM OF THE 6TH
Wisconsin Timber Rattlers batting - Pitching for Binghamton Mets : LHP Micah Watson
Batting: SHB Mitchell Greene 0-0: Called Strike
0-1: Ball
1-1: Ground out 6-3 (Groundball, 4MS, EV 88.8 MPH)
Batting: RHB Gene Sutton 0-0: Swinging Strike
0-1: Ball
1-1: Fly out, F8 (Flyball, 8RD, EV 87.5 MPH)
Batting: SHB Robert Sayer 0-0: Swinging Strike
0-1: DOUBLE (Groundball, 5L, EV 103.1 MPH)
Batting: RHB Aaron Lind 0-0: Foul Ball, location: 2F
0-1: Called Strike
0-2: Strikes out swinging
Bottom of the 6th over - 0 runs, 1 hit, 0 errors, 1 left on base; Binghamton 2 - Wisconsin 1
TOP OF THE 7TH
Binghamton Mets batting - Pitching for Wisconsin Timber Rattlers : RHP Javy Uribe
Batting: LHB Javy Cavazos 0-0: Swinging Strike
0-1: Ball
1-1: Called Strike
1-2: Ball
2-2: Foul Ball, location: 2F
2-2: Foul Ball, location: 2F
2-2: Ground out 3-1 (Groundball, 34S, EV 91.2 MPH)
Pitching: RHP Brian Harper
Batting: SHB Jerry Burrows 0-0: Ball
1-0: Fly out, F5 (Popup, 25F, EV 81.9 MPH)
Batting: RHB Dave Conde 0-0: Ball
1-0: Called Strike
1-1: Ball
2-1: SINGLE (Flyball, 89S, EV 86.2 MPH)
Batting: RHB Tetsuhiro Taki 0-0: Ball
Dave Conde steals 2nd base
1-0: Ball
2-0: Called Strike
2-1: Ball
3-1: SINGLE (Groundball, 4MS, EV 67.5 MPH) (infield hit)
Dave Conde to third
Batting: RHB Ben Herman 0-0: Foul Ball, location: 2F
0-1: Foul Ball, location: 2F
0-2: Foul Ball, location: 2F
0-2: SINGLE (Groundball, 4MD, EV 109.4 MPH)
Dave Conde scores
Tetsuhiro Taki to second
Batting: LHB Bayesa Mundhir 0-0: Ball
1-0: Fly out, F2 (Popup, 3SF, EV 82.5 MPH)
Top of the 7th over - 1 run, 3 hits, 0 errors, 2 left on base; Binghamton 3 - Wisconsin 1
BOTTOM OF THE 7TH
Wisconsin Timber Rattlers batting - Pitching for Binghamton Mets : LHP Micah Watson
Batting: RHB Bobby McCann 0-0: Ball
1-0: Ball
2-0: Ball
3-0: Base on Balls
Batting: RHB Nick Cummings 0-0: Foul Ball, location: 2F
0-1: Ball
1-1: Foul Ball, location: 2F
1-2: Ball
Bobby McCann steals 2nd base
2-2: Fly out, F5 (Popup, 25F, EV 85.6 MPH)
Pitching: RHP Francis Cornick
Pinch Hitting: LHB Andy Sanchez 0-0: Ball
1-0: Ground out 4-3 (Groundball, 34S, EV 86.2 MPH)
Bobby McCann to third
Batting: RHB Matt Saunders 0-0: Swinging Strike
0-1: Fly out, F8 (Flyball, 8RS, EV 93.8 MPH)
Bottom of the 7th over - 0 runs, 0 hits, 0 errors, 1 left on base; Binghamton 3 - Wisconsin 1
TOP OF THE 8TH
Binghamton Mets batting - Pitching for Wisconsin Timber Rattlers : RHP Brian Harper
Now at 3B: Raymond Young
Batting: RHB Bobby Mabrey 0-0: Called Strike
0-1: Ball
1-1: SINGLE (Line Drive, 56, EV 99.4 MPH)
Batting: SHB Julio Ramos 0-0: Ball
1-0: Ball
2-0: Swinging Strike
2-1: Ball
3-1: 2-RUN HOME RUN (Flyball, 9LD, EV 93.1 MPH), Distance : 332 ft
Batting: RHB Gang-sheng Chew 0-0: Ball
1-0: Called Strike
1-1: Ball
2-1: Ball
3-1: Called Strike
3-2: Foul Ball, location: 2F
3-2: Strikes out swinging, 2-3 out at first.
Batting: LHB Javy Cavazos 0-0: Called Strike
0-1: Fly out, F7 (Flyball, 7LM, EV 91.9 MPH)
Batting: SHB Jerry Burrows 0-0: SINGLE (Line Drive, 89M, EV 96.9 MPH)
Batting: RHB Dave Conde 0-0: Called Strike
0-1: Ground out 6-3 (Groundball, 4M, EV 100.6 MPH)
Top of the 8th over - 2 runs, 3 hits, 0 errors, 1 left on base; Binghamton 5 - Wisconsin 1
BOTTOM OF THE 8TH
Wisconsin Timber Rattlers batting - Pitching for Binghamton Mets : RHP Francis Cornick
Batting: RHB Skyler Goss 0-0: Ball
1-0: Called Strike
1-1: SINGLE (Flyball, 3D, EV 100.0 MPH)
Batting: SHB Mitchell Greene 0-0: Called Strike
0-1: Ball
1-1: Fielders Choice at 2nd, 4-6 (Groundball, 4, EV 86.9 MPH)
Pinch Hitting: SHB Mike Williams 0-0: Ball
1-0: Fly out, F8 (Flyball, 8RXD, EV 103.1 MPH)
Batting: SHB Robert Sayer 0-0: Ball
1-0: Called Strike
1-1: Fielders Choice at 2nd, 5-4 (Groundball, 5L, EV 102.5 MPH)
Bottom of the 8th over - 0 runs, 1 hit, 0 errors, 1 left on base; Binghamton 5 - Wisconsin 1
TOP OF THE 9TH
Binghamton Mets batting - Pitching for Wisconsin Timber Rattlers : RHP Brian Harper
Pitching: LHP Tom Barone
Now at 1B: Steve Byerly
Batting: RHB Tetsuhiro Taki 0-0: Ball
1-0: Called Strike
1-1: Called Strike
1-2: Ball
2-2: Foul Ball, location: 2F
2-2: Strikes out looking
Batting: RHB Ben Herman 0-0: Foul Ball, location: 2F
0-1: Swinging Strike
0-2: Ball
1-2: Strikes out swinging
Batting: LHB Bayesa Mundhir 0-0: Ball
1-0: Called Strike
1-1: Called Strike
1-2: Strikes out swinging
Top of the 9th over - 0 runs, 0 hits, 0 errors, 0 left on base; Binghamton 5 - Wisconsin 1
BOTTOM OF THE 9TH
Wisconsin Timber Rattlers batting - Pitching for Binghamton Mets : RHP Francis Cornick
Pitching: RHP Jason Vulich
Batting: RHB Aaron Lind 0-0: Called Strike
0-1: Foul Ball, location: 2F
0-2: Foul Ball, location: 2F
0-2: Strikes out swinging
Batting: RHB Bobby McCann 0-0: SINGLE (Groundball, 3D, EV 98.8 MPH)
Batting: RHB Nick Cummings 0-0: Foul Ball, location: 2F
0-1: Ball
1-1: Foul Ball, location: 2F
1-2: Strikes out looking
Batting: RHB Raymond Young 0-0: Foul Ball, location: 2F
0-1: Ball
1-1: Called Strike
1-2: Strikes out swinging
Bottom of the 9th over - 0 runs, 1 hit, 0 errors, 1 left on base; Binghamton 5 - Wisconsin 1
Wednesday, June 22nd , 2022 - OOTP Baseball 23.4 Build 64